 Dungeon Crawl Stone Soup version 0.29.1-15-g9cfb28693d (webtiles) character file.

Game seed: 10831843092179262204

53 Smoke131 the Firebug (level 3, -1/26 HPs)
             Began as a Draconian Fire Elementalist on Feb 26, 2023.
             Killed from afar by an orc wizard (6 damage)
             ... with a magic dart
             ... on level 2 of the Dungeon.
             The game lasted 00:03:25 (1604 turns).

Smoke131 the Firebug (Draconian Fire Elementalist)  Turns: 1604, Time: 00:03:26

Health: -1/26      AC:  5    Str: 10    XL:     3   Next: 64%
Magic:  3/6        EV: 12    Int: 17    God:
Gold:   11         SH:  0    Dex: 11    Spells: 4/7 levels left

rFire   . . .      SeeInvis .   c - +0 club
rCold   . . .      Faith    .   (no shield)
rNeg    . . .      Spirit   .   (body armour unavailable)
rPois   .          Reflect  .   (helmet restricted)
rElec   .          Harm     .   (no cloak)
rCorr   .          Rampage  .   (no gloves)
Will    .....                   (no boots)
Stlth   +.........              (no amulet)
HPRegen 0.08/turn               (no ring)
MPRegen 0.10/turn               (no ring)

@: confused, flying
A: AC +5, unfitting armour, cold-blooded
a: no special abilities


You were on level 2 of the Dungeon.
You visited 1 branch of the dungeon, and saw 2 of its levels.

You collected 11 gold pieces.

Inventory:

Hand Weapons
 c - a +0 club (weapon)
Scrolls
 b - a scroll of magic mapping {unknown}
 d - a scroll of identify {unknown}
 e - a scroll of vulnerability {unknown}
Potions
 a - a potion of magic


   Skills:
 + Level 2.3 Dodging
 - Level 1.7 Stealth
 + Level 2.5 Spellcasting
 + Level 1.9 Conjurations
 + Level 3.4 Fire Magic


You had 4 spell levels left.
You knew the following spells:

 Your Spells              Type           Power      Damage    Failure   Level
a - Foxfire               Conj/Fire      44%        2x1d6     6%          1
b - Scorch                Fire           26%        2d6       7%          2

Your spell library contained the following spells:

 Spells                   Type           Power      Damage    Failure   Level
 Conjure Flame            Conj/Fire      11%        6-21      19%         3
 Inner Flame              Hex/Fire       8%         N/A       26%         3
 Flame Wave               Conj/Fire      11%        2d6       52%         4


Dungeon Overview and Level Annotations

Branches:
Dungeon (2/15)

Altars:


Innate Abilities, Weirdness & Mutations

Your plain brown scales are hard. (AC +5)
You cannot fit into any form of body armour.
You are cold-blooded and may be slowed by cold attacks.


Message History

You are confused.
A magic dart appears from out of thin air!
The magic dart hits you.
It was a potion of flight.
You feel very buoyant.
You fly up into the air.
It was a potion of heal wounds.
You feel much better.
The orc wizard hits you but does no damage.
Something hits you.
You feel less confused. The orc hits you with a +0 mace.
The orc wizard points at you and mumbles some strange words.
You are confused.
Something hits you.
The orc wizard hits you but does no damage.
The orc misses you. The orc hits you but does no damage. Something hits you.
You're too confused to move!
The orc closely misses you. Something hits you but does no damage.
The orc closely misses you.
The orc wizard casts a spell.
The orc wizard flickers and vanishes!
You miss something. The orc barely misses you.
Something hits you but does no damage. The orc closely misses you.
Something hits you.
You feel less confused. The orc barely misses you.
Something hits you but does no damage. Something hits you.
A magic dart appears from out of thin air!
The magic dart hits something.
You hear some strange, mumbled words.
A puff of flame appears from out of thin air!
The puff of flame hits you.
* * * LOW HITPOINT WARNING * * *
The orc attacks as you move away! The orc hits you but does no damage.
You hear some strange, mumbled words.
You are confused.
The endoplasm quivers.
A magic dart appears from out of thin air!
The magic dart hits you.
You die...

#.................##o# ..
#.....<#..........##.# ...
######.#........).##{###....
#..............##.#......
#.............J.#...#####
#.................###
#..........{........####
#..........#...........##
#..<....@o.o...##........
#####.....................##r
........##..##.#......#....#.
........##............#.#..#.
........#...#.....#...#.##...
............###...#....$. ...
.........#### #...#...##.#...
....(....# ...# .# ....
.........# .....


You could see 2 orcs and an endoplasm.

Vanquished Creatures
  2 adders (D:2)
  A dart slug (D:1)
  An orc (D:2)
  3 bats
  An endoplasm (D:2)
  A giant cockroach (D:1)
  2 goblins (D:1)
  2 hobgoblins (D:1)
  4 jackals (D:2)
  A kobold (D:2)
  4 quokkas
  3 ball pythons (D:1)
  4 rats
29 creatures vanquished.

Vanquished Creatures (others)
  40 foxfires
40 creatures vanquished.

Grand Total: 69 creatures vanquished

Notes
Turn   | Place    | Note
-------+----------+-------------------------------------------
     0 | D:1      | Smoke131 the Draconian Fire Elementalist began the quest
                  | for the Orb.
     0 | D:1      | Reached XP level 1. HP: 14/14 MP: 3/3
   141 | D:1      | Found a faded altar of an unknown god.
   339 | D:1      | Reached XP level 2. HP: 20/20 MP: 5/5
  1151 | D:2      | Reached XP level 3. HP: 26/26 MP: 1/6
  1549 | D:2      | Learned a level 2 spell: Scorch
  1604 | D:2      | Killed from afar by an orc wizard

Illustrated notes

Levels and vault maps discovered:
D:1:      giann_bridges, layout_loops_ring, hellmonk_ecumenical_altar_zigzags
D:2:      layout_rooms

Skill      XL: |  1 |
---------------+----+-----
Dodging        | 2 |  2.3
Stealth        | |  1.7
Spellcasting   | |  2.5
Conjurations   | |  1.9
Fire Magic     | |  3.4

Action                   || total
-------------------------++-------
Melee: Club              ||    93
       Unarmed           ||     8
       Tailslap          ||     9
 Cast: Foxfire           ||    24
       Scorch            ||     3
  Use: Potion            ||     2
Armor: Skin              ||    59
Dodge: Dodged            ||    96
